 Dungeon Crawl Stone Soup version 0.29-a0-495-g17b79114eb (webtiles) character file.

Game seed: 14762932316240493966

3020 quokkamancerX the Quickloader (level 10, -7/67 HPs)
             Began as a Human Hunter on May 28, 2022.
             Was an Initiate of Hepliaklqana.
             Killed from afar by an electric eel (12 damage)
             ... with a bolt of electricity
             ... on level 6 of the Dungeon.
             The game lasted 00:22:36 (5305 turns).

quokkamancerX the Quickloader (Human Hunter)        Turns: 5305, Time: 00:22:36

Health: -7/67      AC:  7    Str: 13    XL:     10   Next: 10%
Magic:  10/10      EV: 11    Int: 14    God:    Hepliaklqana [......]
Gold:   303        SH:  0    Dex: 19    Spells: 9/9 levels left

rFire   . . .      SeeInvis .   h - +2 arbalest (vorpal)
rCold   . . .      Faith    .   (shield currently unavailable)
rNeg    . . .      Spirit   .   y - +1 ring mail of Love and Death {Int+4}
rPois   .          Reflect  .   (no helmet)
rElec   .          Harm     +   p - scarf {harm}
rCorr   .          Rampage  .   (no gloves)
Will    .....                   a - +0 pair of boots
Stlth   ++........              j - amulet of regeneration
HPRegen 1.01/turn               f - +4 ring of slaying
MPRegen 0.12/turn               (no ring)

@: no status effects
A: no striking features
a: Renounce Religion


You were on level 6 of the Dungeon.
You worshipped Hepliaklqana.
Hepliaklqana was noncommittal.
You visited 2 branches of the dungeon, and saw 7 of its levels.

You collected 303 gold pieces.

Inventory:

Hand Weapons
 h - a +2 vorpal arbalest (weapon)
Armour
 a - a +0 pair of boots (worn)
 p - a scarf of harm (worn)
 y - the +1 ring mail of Love and Death (worn) {Int+4}
   (You found it on level 6 of the Dungeon)

   Int:       It affects your intelligence (+4).
Jewellery
 f - a +4 ring of slaying (left hand)
 j - an amulet of regeneration (around neck)
 l - an amulet of faith
Wands
 s - a wand of digging (2)
Scrolls
 c - 2 scrolls of immolation
 d - a scroll of amnesia
 e - 3 scrolls of vulnerability
 i - a scroll of identify
 k - a scroll of fear
 m - a scroll of magic mapping
 n - a scroll of teleportation
 q - 2 scrolls of silence
 w - a scroll of poison
Potions
 g - a potion of mutation
 o - 4 potions of curing
 r - 3 potions of degeneration {unknown}
 t - a potion of brilliance
 u - a potion of cancellation
 v - a potion of heal wounds
 x - a potion of ambrosia {unknown}
 z - a potion of invisibility {unknown}
 A - 3 potions of might {unknown}


   Skills:
 - Level 2.0 Fighting
 + Level 13.0 Crossbows
 - Level 2.0 Dodging
 - Level 5.0 Stealth


You had 9 spell levels left.
You didn't know any spells.
Your spell library contained the following spells:

 Spells                   Type           Power      Damage    Failure   Level
 Sandblast                Erth           0%         2d4       54%         1
 Passwall                 Tmut/Erth      0%         N/A       67%         2
 Ozocubu's Armour         Ice            0%         N/A       88%         3
 Stone Arrow              Conj/Erth      0%         3d7       88%         3
 Ozocubu's Refrigeration  Ice            0%         4d5       100%        7


Dungeon Overview and Level Annotations

Branches:
Dungeon (6/15)             Temple (1/1) D:6

Altars:
Ashenzari
Cheibriados
Elyvilon
Fedhas
Gozag
Hepliaklqana
Kikubaaqudgha
Makhleb
Nemelex Xobeh
Okawaru
Qazlal
Ru
Sif Muna
Trog
Uskayaw
Vehumet
Wu Jian
Xom
Yredelemnul
Zin
The Shining One

Annotations:
D:4 3 runed translucent doors, jlumianski's ghost, amateur DgFE
D:5 2 runed translucent doors, Esekla's ghost, weakling OpDe


Message History

The bolt of electricity misses you.
The electric eel shoots out a bolt of lightning at you!
The bolt of electricity hits you.
Your line of fire to the electric eel is blocked by a plant.
Continue anyway?
Okay, then.
Your line of fire to the electric eel is blocked by a plant.
Continue anyway?
Okay, then.
Shoot: h) +2 arbalest (vorpal)
Press: ? - help, Q - select action Shift-Dir - straight line, f - electric eel, p - electric eel
Aim: an electric eel (water, 58% to hit)
You shoot a bolt. The bolt misses the electric eel.
The electric eel shoots out a bolt of lightning at you!
The bolt of electricity hits you!
Shoot: h) +2 arbalest (vorpal)
Press: ? - help, Q - select action Shift-Dir - straight line, f/p - electric eel
Aim: an electric eel (water, 58% to hit)
You shoot a bolt.
The bolt closely misses the electric eel.
The electric eel shoots out a bolt of lightning at you!
The bolt of electricity hits the plant!
The plant begins to die.
The bolt of electricity hits you.
The electric eel shoots out a bolt of lightning at you!
The bolt of electricity hits you!
The electric eel shoots out a bolt of lightning at you!
The bolt of electricity hits the plant.
The bolt of electricity hits you!
The electric eel shoots out a bolt of lightning at you!
The bolt of electricity hits you!
* * * LOW HITPOINT WARNING * * *
Shoot: h) +2 arbalest (vorpal)
Press: ? - help, Q - select action Shift-Dir - straight line, f/p - electric eel
Aim: an electric eel (water, 58% to hit)
You shoot a bolt. The bolt hits the electric eel!
The electric eel is severely wounded.
The electric eel shoots out a bolt of lightning at you!
The bolt of electricity hits the plant.
The bolt of electricity hits you!
* * * LOW HITPOINT WARNING * * *
A nearby plant withers and dies.
The electric eel shoots out a bolt of lightning at you!
The bolt of electricity hits the plant!
The bolt of electricity hits you!
You die...

...#...#...#####
#....#.##.#
...#...######
###########.##.#
............#
##....≈)≈≈##..#.#
...#........#
##.########.##.#.#
...#........#
#≈##....$≈##.#.#.#
...#........#
#≈#...≈PS≈≈#.#.#.#
...#........#
#≈#....≈(!≈#.#...#
............#
#.#'...≈.S≈#≈##†.#
...##.#######
#)@#..P.≈≈##)##..##
...##.#
##.##########≈##...
...##.#
#≈≈##..P..≈##≈#.#.
...##.#
##≈#...≈.[≈≈#≈#.#.
...##.#
#≈#....≈.≈≈#.#.#.
#####.####
#.#'..≈≈.≈≈#.#>#.
#....#
#..#....≈≈##'#.#.
##.##.####
##.########....##
##........########
##.#.#


You could see 2 electric eels.

Vanquished Creatures
  A two-headed ogre (D:6)
  Grinder (D:5)
  Sigmund (D:5)
  Duvessa (D:6)
  2 orc warriors (D:6)
  An ice beast (D:6)
  2 black bears
  4 ogres
  2 phantoms (D:5)
  Blork the orc (D:6)
  A bullfrog (D:4)
  2 scorpions (D:6)
  3 wights (D:6)
  Dowan (D:6)
  A howler monkey (D:5)
  4 electric eels (D:6)
  3 orc priests
  2 hounds (D:5)
  Terence (D:2)
  2 iguanas (D:5)
  An orc wizard (D:4)
  7 adders
  3 white imps
  2 dart slugs
  10 orcs
  3 bats
  2 endoplasms
  3 giant cockroaches
  2 goblins
  5 hobgoblins
  3 jackals (D:3)
  A quokka (D:1)
  4 ball pythons
  A frilled lizard (D:1)
  7 kobolds
  7 rats
97 creatures vanquished.

Vanquished Creatures (others)
  15 plants
15 creatures vanquished.

Grand Total: 112 creatures vanquished

Notes
Turn   | Place    | Note
-------+----------+-------------------------------------------
     0 | D:1      | quokkamancerX the Human Hunter began the quest for the Orb.
     0 | D:1      | Reached XP level 1. HP: 16/16 MP: 1/1
    48 | D:1      | Found a faded altar of an unknown god.
   254 | D:1      | Reached XP level 2. HP: 22/22 MP: 2/2
   852 | D:2      | Reached XP level 3. HP: 27/27 MP: 3/3
  1051 | D:2      | Reached XP level 4. HP: 33/33 MP: 4/4
  1091 | D:2      | Noticed Terence
  1100 | D:2      | Killed Terence
  1591 | D:3      | Reached skill level 5 in Crossbows
  1727 | D:3      | Reached XP level 5. HP: 38/38 MP: 5/5
  2224 | D:4      | Noticed a black bear
  2228 | D:4      | Killed a black bear
  2229 | D:4      | Reached XP level 6. HP: 44/44 MP: 6/6
  2820 | D:4      | Reached skill level 6 in Crossbows
  2820 | D:4      | Reached skill level 5 in Stealth
  3055 | D:4      | Found a runed translucent gate.
  3057 | D:4      | Found a runed translucent gate.
  3057 | D:4      | Noticed jlumianski's ghost (amateur DgFE)
  3058 | D:4      | Found a runed translucent gate.
  3252 | D:5      | Entered Level 5 of the Dungeon
  3252 | D:5      | Noticed Sigmund
  3254 | D:5      | Killed Sigmund
  3255 | D:5      | Reached skill level 7 in Crossbows
  3255 | D:5      | Reached XP level 7. HP: 50/50 MP: 7/7
  3312 | D:5      | Found a runed translucent door.
  3315 | D:5      | Identified the +10 hand axe of the Maze {vorpal, *Rage Fly
                  | Str+4 Dex+3}
  3322 | D:5      | Noticed Grinder
  3360 | D:5      | Noticed Esekla's ghost (weakling OpDe)
  3419 | D:5      | Killed Grinder
  3420 | D:5      | Reached skill level 8 in Crossbows
  3420 | D:5      | Reached XP level 8. HP: 50/56 MP: 8/8
  3507 | D:5      | Found a runed translucent door.
  3629 | D:5      | Reached skill level 9 in Crossbows
  4275 | D:6      | Reached skill level 10 in Crossbows
  4275 | D:6      | Reached XP level 9. HP: 61/61 MP: 9/9
  4401 | D:6      | Noticed Dowan
  4402 | D:6      | Killed Dowan
  4406 | D:6      | Noticed Duvessa
  4407 | D:6      | Noticed Blork the orc
  4412 | D:6      | Killed Duvessa
  4419 | D:6      | Killed Blork the orc
  4422 | D:6      | Reached skill level 11 in Crossbows
  4703 | D:6      | Found a staircase to the Ecumenical Temple.
  4712 | Temple   | Entered the Ecumenical Temple
  4868 | Temple   | Became a worshipper of Hepliaklqana the Forgotten
  4957 | D:6      | Reached skill level 12 in Crossbows
  5089 | D:6      | Noticed a two-headed ogre
  5096 | D:6      | Killed a two-headed ogre
  5097 | D:6      | Reached XP level 10. HP: 67/67 MP: 10/10
  5247 | D:6      | Reached skill level 13 in Crossbows
  5269 | D:6      | Identified the +1 ring mail of Love and Death {Int+4}
  5305 | D:6      | Killed from afar by an electric eel

Illustrated notes

Levels and vault maps discovered:
D:1:      roderic_crop_circles_arrival_small, layout_basic,
          ebering_ecumenical_altar_sacrificial
D:2:      layout_rooms, dk_noncrumbling_3, minivault_23, uniq_terence
D:3:      layout_loops_ring
D:4:      layout_loops_ring, gammafunk_ghost_nasty_kobolds
D:5:      layout_loops_ring, ebering_ghost_sewer_f, kennysheep_dice,
          uniq_sigmund, uniq_grinder
D:6:      cheibrodos_two_vegetables, layout_basic,
          minmay_temple_entry_mini_moons, hangedman_abyss_or_decor_slice,
          uniq_blork_the_orc, uniq_duvessa
Temple:   kilobyte_greek_temple

Skill      XL: |  1  2  3  4  5  6  7  8  9 10 |
---------------+-------------------------------+-----
Stealth        | 2 3 4 5 |  5.0
Crossbows      | 5 7 8 10 12 13 | 13.0
Fighting       | |  2.0
Dodging        | |  2.0

Action                   |  1- 3 |  4- 6 |  7- 9 | 10-12 || total
-------------------------+-------+-------+-------+-------++-------
 Fire: Hand crossbow     |    24 |       |       |       ||    24
       Arbalest          |    19 |    63 |   112 |    12 ||   206
  Use: Scroll            |       |     9 |     8 |       ||    17
Armor: Leather armour    |     4 |     5 |     2 |       ||    11
Dodge: Dodged            |     7 |    17 |    21 |     2 ||    47

Table legend: (Time is in decaauts)
 A = Elapsed time spent in this place.
 B = Non-inter-level travel time spent in this place.
 C = Inter-level travel time spent in this place.
 D = Time resting spent in this place.
 E = Time spent auto-exploring this place.
 F = Levels seen in this place.
 G = Mean time per level.
                   A        B        C        D        E       F      G
               +--------+--------+--------+--------+--------+-----+--------+
         Total |   5411 |   5270 |    141 |    802 |   2567 |   7 |  773.0 |
       Dungeon |   5223 |   5101 |    122 |    802 |   2435 |   6 |  870.5 |
        Temple |    188 |    169 |     19 |      0 |    132 |   1 |  188.0 |
               +--------+--------+--------+--------+--------+-----+--------+

Top non-repeatable levels by time:
     D:4: 1053 daAuts
     D:6: 980 daAuts
     D:5: 937 daAuts
     D:1: 814 daAuts
     D:2: 738 daAuts
     D:3: 699 daAuts
  Temple: 188 daAuts
